 Dungeon Crawl Stone Soup version 0.30.1-9-gdf580d7c3d (webtiles) character file.

Game seed: 5285757637416434567

744 monsoonserge the Skirmisher (level 7, -2/36 HPs)
             Began as a Spriggan Hunter on Oct 7, 2023.
             Was a Follower of Okawaru.
             Killed by divine providence
             ... invoked by an orc priest
              (16 damage)
             ... on level 4 of the Dungeon.
             The game lasted 00:09:01 (3725 turns).

monsoonserge the Skirmisher (Spriggan Hunter)       Turns: 3725, Time: 00:09:01

Health: -2/36      AC:  2    Str:  7    XL:     7   Next: 47%
Magic:  9/9        EV: 18    Int: 11    God:    Okawaru [*.....]
Gold:   174        SH:  0    Dex: 20    Spells: 6/6 levels left

rFire   . . .        a - +0 shortbow
rCold   . . .        (shield currently unavailable)
rNeg    . . .        c - +0 robe
rPois   .            (helmet restricted)
rElec   .            (no cloak)
rCorr   .            (gloves unavailable)
SInv    +            (boots unavailable)
Will    +....        (no amulet)
Stlth   ++           (no ring)
HPRegen 0.26/turn    (no ring)
MPRegen 0.11/turn

%: no passive effects
@: very quick
A: very small, no large weapons, unfitting armour, see invisible, speed 3
a: Renounce Religion, Heroism


You were on level 4 of the Dungeon.
You worshipped Okawaru.
Okawaru was aware of your devotion.
You visited 2 branches of the dungeon, and saw 5 of its levels.

You collected 174 gold pieces.

Inventory:

Hand Weapons
 a - a +0 shortbow (weapon)
 r - a +0 sling
Missiles
 k - 15 poisoned darts
Armour
 c - a +0 robe (worn)
Scrolls
 b - 5 scrolls of immolation
 f - 2 scrolls of magic mapping {unknown}
 g - 4 scrolls of identify {unknown}
 i - 2 scrolls of brand weapon {unknown}
 n - a scroll of fog {unknown}
 o - 2 scrolls of poison {unknown}
 p - 2 scrolls of teleportation {unknown}
 s - a scroll of summoning {unknown}
Potions
 d - 5 potions of curing {unknown}
 e - 3 potions of mutation {unknown}
 h - a potion of cancellation {unknown}
 j - a potion of attraction {unknown}
 l - a potion of ambrosia {unknown}
 m - a potion of haste {unknown}
 q - 2 potions of degeneration {unknown}
 t - a potion of flight {unknown}


   Skills:
 + Level 3.1 Fighting
 + Level 8.3 Ranged Weapons
 + Level 3.3 Dodging
 + Level 1.6 Stealth
 * Level 1.3 Invocations


You had 6 spell levels left.
You didn't know any spells.
Your spell library contained the following spells:

 Spells                   Type           Power      Damage    Failure   Level
 Shock                    Conj/Air       0%         1d3       34%         1
 Slow                     Hex            0%         N/A       34%         1
 Confusing Touch          Hex            0%         N/A       71%         3
 Stone Arrow              Conj/Erth      0%         3d7       71%         3
 Swiftness                Air            0%         N/A       71%         3
 Vampiric Draining        Necr           0%         2d6       71%         3
 Airstrike                Air            0%         2d(0-16)  98%         4
 Blade Hands              Tmut           0%         N/A       100%        5
 Iron Shot                Conj/Erth      0%         9d1       100%        6
 Lehudib's Crystal Spear  Conj/Erth      0%         10d2      100%        8
 Animate Armour           Summ/Erth      Unusable   N/A       N/A         4

Dungeon Overview and Level Annotations

Branches:
Dungeon (4/15)             Temple (1/1) D:4

Altars:
Ashenzari
Cheibriados
Fedhas
Gozag
Kikubaaqudgha
Makhleb
Nemelex Xobeh
Okawaru
Ru
Trog
Vehumet
Wu Jian
Yredelemnul
The Shining One

Annotations:
D:3 1 runed translucent door, Barghaest's ghost, weakling HuWn


Innate Abilities, Weirdness & Mutations

You are very small and have problems with some larger weapons.
You are too small for most types of armour.
You have supernaturally acute eyesight. (SInv)
You cover ground extremely quickly. (Speed+++)


Message History

An orc comes into view. It is wielding a +0 hand axe.
You shoot an arrow.
The arrow closely misses the orc priest.
The orc shouts!
The arrow hits the orc but does no damage.
You hear a shout!
A giant cockroach comes into view.
You shoot an arrow.
The arrow hits the orc priest but does no damage.
The orc priest is severely wounded.
The orc priest begins to cast a cantrip, but forgets the words!
You shoot an arrow. The arrow hits the orc priest.
The orc priest is severely wounded.
An orc comes into view. It is wielding a +0 mace.
You shoot an arrow. The arrow closely misses the orc.
The arrow barely misses the orc priest.
The orc shouts!
An orc comes into view. It is wielding a +0 club.
You shoot an arrow.
The arrow closely misses the orc priest.
The orc shouts!
The orc priest mumbles some strange prayers to Beogh against you.
Beogh smites you!
An orc comes into view. It is wielding a +0 dagger.
You shoot an arrow. The arrow hits the orc!
You kill the orc!
Okawaru accepts your kill.
You shoot an arrow. The arrow hits the orc priest.
The orc priest is almost dead.
You shoot an arrow.
The arrow closely misses the orc priest.
The arrow hits the giant cockroach!
You kill the giant cockroach!
Okawaru accepts your kill.
The orc priest calls down the wrath of Beogh upon you.
Beogh smites you!
You are too injured to fight recklessly!
The orc priest calls down the wrath of Beogh upon you.
Beogh smites you!
You die...

#.#.##..............#.#.#...##.
#.#.##............#...#...####.
###.#.##########........#........
.##.#.# #.............####
....#.# #######.............###.
Y...Y.# ....................##..
.###.## ....)..........#.###....
...#... ...............#.###.##P
.#.##### ..#####@.......#.....##.
.#.# #..............#####.##.
...# ##....##.####### #.##. ...#
##.#. #o# #.##. ##.. .. # #o#
##.##. #.. ##


oo# #..##. #.. ..# #.#..... #### ##.. ##....... #.. #.....####. You could see an
orc priest and 2 orcs.

Vanquished Creatures
  2 yaks (D:4)
  A black bear (D:4)
  A phantom (D:4)
  2 centaur zombies (D:3)
  An orc priest (D:3)
  2 orc wizards
  4 gnolls (D:3)
  3 adders
  A worm (D:2)
  3 dart slugs (D:1)
  6 orcs
  5 endoplasms
  3 giant cockroaches
  15 goblins
  9 hobgoblins
  5 jackals
  3 quokkas
  6 ball pythons
  2 bats
  2 frilled lizards
  5 kobolds
  2 rats
83 creatures vanquished.

Notes
Turn   | Place    | Note
-------+----------+-------------------------------------------
     0 | D:1      | monsoonserge the Spriggan Hunter began the quest for the
                  | Orb.
     0 | D:1      | Reached XP level 1. HP: 10/10 MP: 2/2
    99 | D:1      | Reached XP level 2. HP: 14/14 MP: 3/3
   687 | D:1      | Reached XP level 3. HP: 18/18 MP: 4/4
   826 | D:2      | Reached skill level 5 in Ranged Weapons
  1336 | D:2      | Reached XP level 4. HP: 23/23 MP: 5/5
  2115 | D:3      | Found a faded altar of an unknown god.
  2220 | D:3      | Reached XP level 5. HP: 26/26 MP: 6/6
  2313 | D:3      | Reached skill level 6 in Ranged Weapons
  2545 | D:3      | Found a runed translucent door.
  2557 | D:3      | Noticed Barghaest's ghost (weakling HuWn)
  2675 | D:3      | Reached XP level 6. HP: 31/31 MP: 7/7
  2713 | D:3      | Found a basalt altar of Yredelemnul.
  2786 | D:4      | Found an ancient bone altar of Kikubaaqudgha.
  2810 | D:4      | Found a staircase to the Ecumenical Temple.
  2817 | Temple   | Entered the Ecumenical Temple
  3119 | Temple   | Became a worshipper of Warmaster Okawaru
  3240 | D:4      | Reached skill level 7 in Ranged Weapons
  3382 | D:4      | Noticed a yak
  3383 | D:4      | Noticed a yak
  3459 | D:4      | Killed a yak
  3459 | D:4      | Reached * piety under Okawaru
  3517 | D:4      | Killed a yak
  3518 | D:4      | Reached skill level 8 in Ranged Weapons
  3518 | D:4      | Reached XP level 7. HP: 28/35 MP: 8/8
  3522 | D:4      | Reached skill level 1 in Invocations
  3725 | D:4      | Killed from afar by an orc priest

Illustrated notes

Levels and vault maps discovered:
D:1:      ebering_trefoil_3fold, layout_basic, kennysheep_another_room
D:2:      layout_basic
D:3:      layout_rooms, lemuel_zombie_altar_yredelemnul,
          ebering_ecumenical_altar_hall, ebering_ghost_inner_flame
D:4:      layout_basic, kiku_gazebo_garden_becter, nicolae_uskayaw_suspiria,
          minmay_temple_entry_arrows, nrook_mini_vaults
Temple:   minmay_temple_forest_path

Skill      XL: |  1  2  3  4  5  6  7 |
---------------+----------------------+-----
Ranged Weapons | 5 6 8 |  8.3
Dodging        | 3 |  3.3
Fighting       | 2 3 |  3.1
Invocations    | 1 |  1.3
Stealth        | |  1.6

Action                     |  1- 3 |  4- 6 |  7- 9 || total
---------------------------+-------+-------+-------++-------
  Melee: Shortbow          |       |     2 |       ||     2
   Fire: Shortbow          |    85 |   167 |    22 ||   274
 Armour: Robe              |     3 |     6 |       ||     9
  Dodge: Dodged            |    22 |    41 |       ||    63
